| TOP OF THE 1ST |
|
Colorado Avalanche batting - Pitching for Madison Brewers : RHP Jayden Whittick
|
|
Pitching: RHP Jayden Whittick
|
|
|
Batting: RHB Bryce Hickman
|
0-0: Ball 1-0: Ball 2-0: Foul Ball, location: 2F 2-1: Ball 3-1: Called Strike 3-2: Fly out, F3 (Line Drive, 3, EV 75.0 MPH)
|
|
Batting: RHB Eric Delgado
|
0-0: Foul Ball, location: 2F 0-1: Called Strike 0-2: Foul Ball, location: 2F 0-2: Strikes out swinging
|
|
Batting: RHB Chris Tatum
|
0-0: Called Strike 0-1: Ball 1-1: Swinging Strike 1-2: Foul Ball, location: 2F 1-2: Ball 2-2: Strikes out looking
|
| Top of the 1st over - 0 runs, 0 hits, 0 errors, 0 left on base; Colorado 0 - Madison 0 |
| BOTTOM OF THE 1ST |
|
Madison Brewers batting - Pitching for Colorado Avalanche : RHP Diego Arredondo
|
|
Pitching: RHP Diego Arredondo
|
|
|
Batting: LHB Andy Buschlen
|
0-0: Foul Ball, location: 2F 0-1: Ball 1-1: Ball 2-1: Ball 3-1: Base on Balls
|
|
Batting: LHB Jose Simental
|
0-0: Fly out, F4 (Line Drive, 34, EV 73.8 MPH)
|
|
Batting: LHB Bill Kovac
|
0-0: Fly out, F5 (Popup, 56, EV 79.4 MPH)
|
|
Batting: RHB Jelani Griffin
|
0-0: Called Strike 0-1: Called Strike 0-2: Strikes out swinging
|
| Bottom of the 1st over - 0 runs, 0 hits, 0 errors, 1 left on base; Colorado 0 - Madison 0 |
| TOP OF THE 2ND |
|
Colorado Avalanche batting - Pitching for Madison Brewers : RHP Jayden Whittick
|
|
Batting: LHB Brian Canny
|
0-0: Fly out, F8 (Flyball, 78D, EV 103.1 MPH)
|
|
Batting: RHB Rade Mamula
|
0-0: Called Strike 0-1: Ball 1-1: Ball 2-1: Foul Ball, location: 2F 2-2: Strikes out looking
|
|
Batting: LHB Rich Rauda
|
0-0: Ball 1-0: Ball 2-0: Fly out, F9 (Flyball, 89D, EV 103.8 MPH)
|
| Top of the 2nd over - 0 runs, 0 hits, 0 errors, 0 left on base; Colorado 0 - Madison 0 |
| BOTTOM OF THE 2ND |
|
Madison Brewers batting - Pitching for Colorado Avalanche : RHP Diego Arredondo
|
|
Batting: LHB Tony Hasbun
|
0-0: Called Strike 0-1: Ball 1-1: Fly out, F9 (Line Drive, 89M, EV 99.4 MPH)
|
|
Batting: RHB Frank Pena
|
0-0: Called Strike 0-1: Ball 1-1: SINGLE (Flyball, 8LS, EV 97.5 MPH)
|
|
Batting: RHB Fernando Mejia
|
0-0: Called Strike 0-1: Ball 1-1: Foul Ball, location: 2F 1-2: Fly out, F9 (Flyball, 9LD, EV 87.5 MPH)
|
|
Batting: RHB Malcolm McCauley
|
0-0: Swinging Strike 0-1: SINGLE (Groundball, 6MD, EV 105.6 MPH) (infield hit) Frank Pena to second
|
|
Batting: RHB Kelan Rae
|
0-0: Ball 1-0: Foul Ball, location: 2F 1-1: SINGLE (Groundball, 6D, EV 106.2 MPH) Frank Pena to third Malcolm McCauley to second Runner from 3rd tries for Home, SAFE, throw by CF to home Malcolm McCauley to third Kelan Rae to second
|
|
Batting: LHB Andy Buschlen
|
0-0: Swinging Strike 0-1: Ball 1-1: Called Strike 1-2: Foul Ball, location: 2F 1-2: Ball 2-2: Foul Ball, location: 2F 2-2: Foul Ball, location: 2F 2-2: Ball 3-2: Foul Ball, location: 2F 3-2: Foul Ball, location: 2F 3-2: DOUBLE (Line Drive, 7LS, EV 106.9 MPH) Malcolm McCauley scores Kelan Rae scores
|
|
Batting: LHB Jose Simental
|
0-0: Called Strike 0-1: Foul Ball, location: 2F 0-2: Strikes out swinging
|
| Bottom of the 2nd over - 3 runs, 4 hits, 0 errors, 1 left on base; Colorado 0 - Madison 3 |
| TOP OF THE 3RD |
|
Colorado Avalanche batting - Pitching for Madison Brewers : RHP Jayden Whittick
|
|
Batting: SHB Joan Coucieiro
|
0-0: Called Strike 0-1: Swinging Strike 0-2: Strikes out swinging
|
|
Batting: RHB Luis Mendoza
|
0-0: Ball 1-0: Foul Ball, location: 2F 1-1: Called Strike 1-2: Strikes out swinging
|
|
Batting: RHB Jack Stadner
|
0-0: Ball 1-0: Ball 2-0: Foul Ball, location: 2F 2-1: Ball 3-1: Base on Balls
|
|
Batting: RHB Bryce Hickman
|
0-0: Ball 1-0: Fielders Choice at 2nd, 6-4 (Groundball, 6, EV 105.0 MPH)
|
| Top of the 3rd over - 0 runs, 0 hits, 0 errors, 1 left on base; Colorado 0 - Madison 3 |
| BOTTOM OF THE 3RD |
|
Madison Brewers batting - Pitching for Colorado Avalanche : RHP Diego Arredondo
|
|
Batting: LHB Bill Kovac
|
0-0: Called Strike 0-1: Swinging Strike 0-2: Strikes out looking
|
|
Batting: RHB Jelani Griffin
|
0-0: Ball 1-0: Foul Ball, location: 2F 1-1: Foul Ball, location: 2F 1-2: Ball 2-2: Ball 3-2: Base on Balls
|
|
Batting: LHB Tony Hasbun
|
0-0: Ball 1-0: Foul Ball, location: 2F 1-1: Ball 2-1: SINGLE (Line Drive, 89S, EV 105.0 MPH) Jelani Griffin to second
|
|
Batting: RHB Frank Pena
|
0-0: Called Strike 0-1: Called Strike 0-2: 3-RUN HOME RUN (Flyball, 78XD, EV 105.0 MPH), Distance : 408 ft
|
|
Batting: RHB Fernando Mejia
|
0-0: Called Strike 0-1: Swinging Strike 0-2: Foul Ball, location: 2F 0-2: Ball 1-2: Ball 2-2: Strikes out looking
|
|
Pitching: LHP Javy Rueda
|
|
|
Batting: RHB Malcolm McCauley
|
0-0: Ball 1-0: Ball 2-0: Fly out, F9 (Line Drive, 9LM, EV 88.1 MPH)
|
| Bottom of the 3rd over - 3 runs, 2 hits, 0 errors, 0 left on base; Colorado 0 - Madison 6 |
| TOP OF THE 4TH |
|
Colorado Avalanche batting - Pitching for Madison Brewers : RHP Jayden Whittick
|
|
Batting: RHB Eric Delgado
|
0-0: Foul Ball, location: 2F 0-1: Ground out 3-1 (Groundball, 34, EV 100.0 MPH)
|
|
Batting: RHB Chris Tatum
|
0-0: Ball 1-0: Ball 2-0: Called Strike 2-1: Ball 3-1: Swinging Strike 3-2: Foul Ball, location: 2F 3-2: Foul Ball, location: 2F 3-2: Foul Ball, location: 2F 3-2: Ground out 5-3 (Groundball, 56S, EV 88.1 MPH)
|
|
Batting: LHB Brian Canny
|
0-0: Ball 1-0: Swinging Strike 1-1: Called Strike 1-2: Strikes out swinging
|
| Top of the 4th over - 0 runs, 0 hits, 0 errors, 0 left on base; Colorado 0 - Madison 6 |
| BOTTOM OF THE 4TH |
|
Madison Brewers batting - Pitching for Colorado Avalanche : LHP Javy Rueda
|
|
Batting: RHB Kelan Rae
|
0-0: Fly out, F9 (Flyball, 9LS, EV 78.1 MPH)
|
|
Batting: LHB Andy Buschlen
|
0-0: Called Strike 0-1: Ground out 4-3 (Groundball, 4M, EV 101.9 MPH)
|
|
Batting: LHB Jose Simental
|
0-0: Foul Ball, location: 2F 0-1: Ball 1-1: Swinging Strike 1-2: Ball 2-2: Ball 3-2: SINGLE (Line Drive, 6MD, EV 105.0 MPH)
|
|
Batting: LHB Bill Kovac
|
0-0: Ball 1-0: Called Strike 1-1: Ball 2-1: Foul Ball, location: 2F 2-2: Ball 3-2: Base on Balls Jose Simental to second
|
|
Batting: RHB Jelani Griffin
|
0-0: Called Strike 0-1: 3-RUN HOME RUN (Flyball, 7LD, EV 92.5 MPH), Distance : 327 ft
|
|
Batting: LHB Tony Hasbun
|
0-0: Ball 1-0: Ball 2-0: Foul Ball, location: 2F 2-1: Foul Ball, location: 2F 2-2: Strikes out swinging
|
| Bottom of the 4th over - 3 runs, 2 hits, 0 errors, 0 left on base; Colorado 0 - Madison 9 |
| TOP OF THE 5TH |
|
Colorado Avalanche batting - Pitching for Madison Brewers : RHP Jayden Whittick
|
|
Batting: RHB Rade Mamula
|
0-0: Ball 1-0: Foul Ball, location: 2F 1-1: Ball 2-1: Ball 3-1: Base on Balls
|
|
Batting: LHB Rich Rauda
|
0-0: Ball Rade Mamula steals 2nd base 1-0: Ground out 4-3 (Groundball, 4M, EV 101.9 MPH) Rade Mamula to third
|
|
Batting: SHB Joan Coucieiro
|
0-0: Ball 1-0: Foul Ball, location: 2F 1-1: Ball 2-1: Swinging Strike 2-2: Fly out, F8 (Flyball, 8RXD, EV 109.4 MPH) Runner from 3rd tags up, SCORES, no throw by CF
|
|
Batting: RHB Luis Mendoza
|
0-0: Called Strike 0-1: Ball 1-1: SINGLE (Groundball, 6D, EV 98.1 MPH)
|
|
Batting: RHB Jack Stadner
|
0-0: Ball 1-0: Ball Luis Mendoza is caught stealing 2nd base 2-4
|
| Top of the 5th over - 1 run, 1 hit, 0 errors, 0 left on base; Colorado 1 - Madison 9 |
| BOTTOM OF THE 5TH |
|
Madison Brewers batting - Pitching for Colorado Avalanche : LHP Javy Rueda
|
|
Batting: RHB Frank Pena
|
0-0: Ball 1-0: Ball 2-0: Foul Ball, location: 2F 2-1: Foul Ball, location: 2F 2-2: Fly out, F7 (Line Drive, 7, EV 92.5 MPH)
|
|
Batting: RHB Fernando Mejia
|
0-0: Fly out, F7 (Line Drive, 78M, EV 98.8 MPH)
|
|
Batting: RHB Malcolm McCauley
|
0-0: Ball 1-0: Ball 2-0: SINGLE (Groundball, 6MD, EV 97.5 MPH)
|
|
Batting: RHB Kelan Rae
|
0-0: Ball 1-0: Ball Malcolm McCauley steals 2nd base 2-0: Fly out, F8 (Line Drive, 8RM, EV 85.0 MPH)
|
| Bottom of the 5th over - 0 runs, 1 hit, 0 errors, 1 left on base; Colorado 1 - Madison 9 |
| TOP OF THE 6TH |
|
Colorado Avalanche batting - Pitching for Madison Brewers : RHP Jayden Whittick
|
|
Batting: RHB Jack Stadner
|
0-0: Called Strike 0-1: Swinging Strike 0-2: Fly out, F4 (Popup, 4S, EV 68.1 MPH)
|
|
Batting: RHB Bryce Hickman
|
0-0: Ball 1-0: Ball 2-0: Foul Ball, location: 2F 2-1: Foul Ball, location: 2F 2-2: Ball 3-2: Base on Balls
|
|
Pitching: RHP Tristan Smeets
|
|
|
Batting: RHB Eric Delgado
|
0-0: Foul Ball, location: 2F 0-1: Ball 1-1: Foul Ball, location: 2F 1-2: SINGLE (Groundball, 56D, EV 107.5 MPH) Bryce Hickman to second
|
|
Batting: RHB Chris Tatum
|
0-0: Ball 1-0: DOUBLE (Flyball, 8RXD, EV 103.1 MPH) Bryce Hickman scores Eric Delgado to third
|
|
Batting: LHB Brian Canny
|
0-0: Swinging Strike 0-1: Foul Ball, location: 2F 0-2: Ball 1-2: Ball 2-2: Foul Ball, location: 2F 2-2: Foul Ball, location: 2F 2-2: Strikes out swinging
|
|
Batting: RHB Rade Mamula
|
0-0: Called Strike 0-1: Swinging Strike 0-2: Ball 1-2: Strikes out swinging
|
| Top of the 6th over - 1 run, 2 hits, 0 errors, 2 left on base; Colorado 2 - Madison 9 |
| BOTTOM OF THE 6TH |
|
Madison Brewers batting - Pitching for Colorado Avalanche : LHP Javy Rueda
|
|
Batting: LHB Andy Buschlen
|
0-0: Ball 1-0: Ball 2-0: Ball 3-0: Called Strike 3-1: Called Strike 3-2: Base on Balls
|
|
Batting: LHB Jose Simental
|
0-0: Ball Andy Buschlen steals 2nd base 1-0: Ball Balk! Andy Buschlen to third 2-0: Foul Ball, location: 2F Balk! Andy Buschlen scores 2-1: Ball 3-1: Called Strike 3-2: Base on Balls
|
|
Batting: LHB Bill Kovac
|
0-0: Foul Ball, location: 2F 0-1: SINGLE (Line Drive, 78M, EV 90.6 MPH) Jose Simental to second Jose Simental to third
|
|
Batting: RHB Jelani Griffin
|
0-0: Called Strike 0-1: Foul Ball, location: 2F 0-2: Strikes out swinging
|
|
Batting: LHB Tony Hasbun
|
0-0: Foul Ball, location: 2F 0-1: Swinging Strike 0-2: Strikes out looking
|
|
Batting: RHB Frank Pena
|
0-0: Ball 1-0: Ball 2-0: Ball 3-0: Called Strike 3-1: Foul Ball, location: 2F 3-2: Base on Balls Bill Kovac to second
|
|
Pitching: RHP Xavier Williams
|
|
|
Batting: RHB Fernando Mejia
|
0-0: Ball 1-0: Ball 2-0: Called Strike 2-1: Foul Ball, location: 2F 2-2: Fly out, F8 (Flyball, 8RM, EV 94.4 MPH)
|
| Bottom of the 6th over - 1 run, 1 hit, 0 errors, 3 left on base; Colorado 2 - Madison 10 |
| TOP OF THE 7TH |
|
Colorado Avalanche batting - Pitching for Madison Brewers : RHP Tristan Smeets
|
|
Batting: LHB Rich Rauda
|
0-0: Ball 1-0: Swinging Strike 1-1: Foul Ball, location: 2F 1-2: Ball 2-2: Strikes out looking
|
|
Batting: SHB Joan Coucieiro
|
0-0: Ball 1-0: Reached on error, E5 (Groundball, 56, EV 91.2 MPH)
|
|
Batting: RHB Luis Mendoza
|
0-0: Ball 1-0: Called Strike 1-1: Swinging Strike 1-2: Ground out 6-3 (Groundball, 6, EV 100.6 MPH)
|
|
Batting: RHB Jack Stadner
|
0-0: Ball 1-0: Foul Ball, location: 2F 1-1: Ball 2-1: Foul Ball, location: 2F 2-2: Ball 3-2: Fly out, F9 (Line Drive, 9, EV 100.0 MPH)
|
| Top of the 7th over - 0 runs, 0 hits, 1 error, 1 left on base; Colorado 2 - Madison 10 |
| BOTTOM OF THE 7TH |
|
Madison Brewers batting - Pitching for Colorado Avalanche : RHP Xavier Williams
|
|
Pinch Hitting: LHB Jesus Huante
|
0-0: Ball 1-0: Called Strike 1-1: Ball 2-1: Ball 3-1: Base on Balls
|
|
Batting: RHB Dustin Pryor
|
0-0: Called Strike 0-1: Foul Ball, location: 2F 0-2: Ball 1-2: Foul Ball, location: 2F 1-2: Ball 2-2: Foul Ball, location: 2F 2-2: Ball 3-2: Fly out, F7 (Flyball, 78M, EV 81.2 MPH)
|
|
Pinch Hitting: RHB Andy Breeden
|
0-0: Ball Passed Ball! Jesus Huante to second 1-0: Foul Ball, location: 2F 1-1: Foul Ball, location: 2F 1-2: Ball 2-2: Ball 3-2: Fly out, F8 (Line Drive, 8RD, EV 93.1 MPH)
|
|
Pinch Hitting: RHB Noah Peek
|
Balk! Jesus Huante to third 0-0: Called Strike 0-1: Ball 1-1: Foul Ball, location: 2F 1-2: Foul Ball, location: 2F 1-2: Strikes out swinging
|
| Bottom of the 7th over - 0 runs, 0 hits, 0 errors, 1 left on base; Colorado 2 - Madison 10 |
| TOP OF THE 8TH |
|
Colorado Avalanche batting - Pitching for Madison Brewers : RHP Tristan Smeets
|
|
Now at 1B: Jesus Huante
|
|
|
Now at 3B: Noah Peek
|
|
|
Now at SS: Fernando Mejia
|
|
|
Now in CF: Todd Massad
|
|
|
Now in RF: Jelani Griffin
|
|
|
Batting: RHB Bryce Hickman
|
0-0: Ball 1-0: Foul Ball, location: 2F 1-1: Ball 2-1: Foul Ball, location: 2F 2-2: SINGLE (Line Drive, 78M, EV 84.4 MPH)
|
|
Batting: RHB Eric Delgado
|
0-0: Called Strike 0-1: Ball 1-1: Ball 2-1: Fly out, F8 (Flyball, 78XD, EV 109.4 MPH)
|
|
Batting: RHB Chris Tatum
|
0-0: Foul Ball, location: 2F 0-1: Called Strike 0-2: Ball 1-2: Foul Ball, location: 2F 1-2: Fly out, F9 (Flyball, 9, EV 80.6 MPH)
|
|
Batting: LHB Brian Canny
|
0-0: Ball 1-0: Ground out 2-3 (Groundball, 13S, EV 68.8 MPH)
|
| Top of the 8th over - 0 runs, 1 hit, 0 errors, 1 left on base; Colorado 2 - Madison 10 |
| BOTTOM OF THE 8TH |
|
Madison Brewers batting - Pitching for Colorado Avalanche : RHP Xavier Williams
|
|
Pinch Hitting: LHB Edwin Vasquez
|
0-0: Foul Ball, location: 2F 0-1: SINGLE (Line Drive, 56D, EV 98.8 MPH)
|
|
Pinch Hitting: RHB Jordan Dugue
|
0-0: Called Strike 0-1: Ball 1-1: Ball 2-1: Grounds into double play, 5-4-3 (Groundball, 5S, EV 82.5 MPH)
|
|
Pinch Hitting: RHB Troy Morin
|
0-0: Foul Ball, location: 2F 0-1: Ball 1-1: Swinging Strike 1-2: SOLO HOME RUN (Line Drive, 7D, EV 98.1 MPH), Distance : 367 ft
|
|
Batting: RHB Frank Pena
|
0-0: Ground out 5-3 (Groundball, 56, EV 101.2 MPH)
|
| Bottom of the 8th over - 1 run, 2 hits, 0 errors, 0 left on base; Colorado 2 - Madison 11 |
| TOP OF THE 9TH |
|
Colorado Avalanche batting - Pitching for Madison Brewers : RHP Tristan Smeets
|
|
Now at 2B: Troy Morin
|
|
|
Now in LF: Jordan Dugue
|
|
|
Now in RF: Edwin Vasquez
|
|
|
Batting: RHB Rade Mamula
|
0-0: Foul Ball, location: 2F 0-1: Ball 1-1: Ball 2-1: Ball 3-1: Swinging Strike 3-2: Strikes out swinging
|
|
Batting: LHB Rich Rauda
|
0-0: Ball 1-0: Called Strike 1-1: Ball 2-1: Foul Ball, location: 2F 2-2: Foul Ball, location: 2F 2-2: Foul Ball, location: 2F 2-2: Ball 3-2: Foul Ball, location: 2F 3-2: Foul Ball, location: 2F 3-2: Strikes out looking
|
|
Batting: SHB Joan Coucieiro
|
0-0: Foul Ball, location: 2F 0-1: Called Strike 0-2: Strikes out swinging
|
| Top of the 9th over - 0 runs, 0 hits, 0 errors, 0 left on base; Colorado 2 - Madison 11 |
|